 Dungeon Crawl Stone Soup version 0.22-a0-567-gff9aefc (webtiles) character file.

1864 kae the Insei (level 8, -9/61 HPs)
             Began as a Demonspawn Transmuter on June 29, 2018.
             Was a Follower of Okawaru.
             Mangled by an acid dragon (14 damage)
             ... on level 6 of the Dungeon.
             The game lasted 00:07:10 (8103 turns).

kae the Insei (Demonspawn Transmuter)               Turns: 8103, Time: 00:07:11

Health: -9/61      AC:  1    Str:  8    XL:     8   Next: 90%
Magic:  0/14       EV: 16    Int: 15    God:    Okawaru [*.....]
Gold:   228        SH:  0    Dex: 16    Spells: 9/15 levels left

rFire    + . .     SeeInvis .     - Unarmed
rCold    x . .     Gourm    .   (no shield)
rNeg     . . .     Faith    .   i - +0 leather armour
rPois    .         Spirit   +   (no helmet)
rElec    .         Reflect  .   (no cloak)
rCorr    .         Harm     .   (gloves unavailable)
MR       .....                  u - +2 pair of boots {run}
Stlth    ++++......             (no amulet)
HPRegen  0.20/turn              f - ring of fire
MPRegen  0.14/turn              (no ring)

@: heroism, corroded, quick
A: claws 3, blurry vision 1, deformed body, mutation resistance 1, nightstalker
1, weak 1, magic shield
a: Heroism, Renounce Religion


You were on level 6 of the Dungeon.
You worshipped Okawaru.
Okawaru was aware of your devotion.
You were not hungry.

You visited 2 branches of the dungeon, and saw 7 of its levels.

You collected 228 gold pieces.

Inventory:

Hand Weapons
 g - a +2 dagger of venom
Missiles
 a - 72 arrows
Armour
 i - a +0 leather armour (worn)
 u - a +2 pair of boots of running (worn)
Jewellery
 f - a ring of fire (left claw)
Wands
 b - a wand of iceblast (8)
 q - a wand of random effects (18)
Scrolls
 k - 2 scrolls of enchant armour
 m - a scroll of identify
 o - 2 scrolls of blinking
 s - 2 scrolls of amnesia {unknown}
 t - 2 scrolls of teleportation
Potions
 e - a potion of cancellation
 h - 2 potions of flight
 j - a potion of magic
 l - a potion of brilliance
Comestibles
 c - 4 chunks of flesh
 d - 7 rations


   Skills:
 + Level 4.4(9.4) Fighting
 - Level 1.7(6.7) Dodging
 * Level 6.4(11.4) Unarmed Combat
 + Level 4.4 Spellcasting
 * Level 6.0 Transmutations
 + Level 4.2 Invocations


You had 9 spell levels left.
You knew the following spells:

 Your Spells              Type           Power        Failure   Level  Hunger
a - Beastly Appendage     Tmut           ###...       1%          1    None
b - Sticks to Snakes      Tmut           ###.....     3%          2    ##.....
c - Spider Form           Tmut/Pois      ##........   21%         3    ###....

Your spell library contained the following spells:

 Spells                   Type           Power        Failure   Level  Hunger
 Blade Hands              Tmut           ###.......   47%         5    ######.
 Ice Form                 Ice/Tmut       ##......     56%         4    ####...


Dungeon Overview and Level Annotations

Branches:
Dungeon (6/15)             Temple (1/1) D:4

Altars:
Ashenzari
Cheibriados
Dithmenos
Elyvilon
Fedhas
Gozag
Kikubaaqudgha
Nemelex Xobeh
Okawaru
Qazlal
Ru
Sif Muna
Trog
Uskayaw
Wu Jian
Xom
Yredelemnul
Zin
The Shining One


Innate Abilities, Weirdness & Mutations

You have claws for hands.
You are slightly more attuned to the shadows.
When hurt, damage is shared between your health and your magic reserves.
Scrolls take you a little longer to read.
Armour fits poorly on your strangely shaped body.
You are somewhat resistant to further mutation.
You are weak. (Str -2)


Message History

The bullfrog misses you.
You scratch the bullfrog.
You kill the bullfrog!
Okawaru accepts your kill. The acid dragon spits acid at you.
The splash of acid hits you!
You are splashed with acid!
The acid burns!
You are too injured to fight recklessly!
You gain the combat prowess of a mighty hero.
The acid dragon bites you! The acid dragon misses you.
You claw the acid dragon!
The acid dragon is moderately wounded.
The acid dragon spits acid at you. The splash of acid hits you!
* * * LOW HITPOINT WARNING * * *
The acid corrodes you!
You are splashed with acid!
The acid burns!
* * * LOW HITPOINT WARNING * * *
You scratch the acid dragon.
The acid dragon is heavily wounded.
The acid dragon bites you!
You die...

......##.####.#
#.## ...#..#.#
#####.#
.....##. #..#
#.##### ##.##
..##### #..#
...)[)# ###.##
#####.#
#...####
##....#
#......#
......#
##...@..#
....#####
#...D####
#...#...#
#..##....#
......### #..
#.....#
...#....# #..
.:.....#
..#####.# #
.......#
........##
###.....#
#........#
....##
#...^....#


You could see an acid dragon.

Vanquished Creatures
  A hungry ghost (D:4)
  An ice beast (D:6)
  2 phantoms
  A sky beast (D:6)
  2 ogres
  2 centaurs
  2 bullfrogs
  A scorpion (D:4)
  3 wights
  A crimson imp (D:6)
  A jelly (D:5)
  5 orc priests (D:6)
  2 bullfrog skeletons
  2 orc wizards
  Jessica (D:2)
  3 worker ants
  11 adders
  3 gnolls (D:3)
  An ooze (D:1)
  3 worms
  2 dart slugs
  4 leopard geckos
  13 orcs
  A ball python (D:5)
  3 bats
  7 giant cockroaches
  6 goblins
  4 hobgoblins
  3 jackals (D:6)
  6 kobolds
  2 quokkas
  8 frilled lizards
  A leopard gecko zombie (D:5)
  A quokka skeleton (D:4)
  5 rats
114 creatures vanquished.

Vanquished Creatures (collateral kills)
  An ogre (D:5)
  A howler monkey (D:5)
  An orc (D:2)
3 creatures vanquished.

Grand Total: 117 creatures vanquished

Notes
Turn   | Place    | Note
-------+----------+-------------------------------------------
     0 | D:1      | kae the Demonspawn Transmuter began the quest for the Orb.
     0 | D:1      | Reached XP level 1. HP: 15/15 MP: 3/3
   338 | D:1      | Gained mutation: When hurt, damage is shared between your health and your magic reserves. [demonic ancestry]
   338 | D:1      | Reached XP level 2. HP: 19/21 MP: 3/5
   391 | D:1      | Learned a level 2 spell: Sticks to Snakes
  1186 | D:2      | Reached XP level 3. HP: 25/26 MP: 2/6
  1312 | D:2      | Reached XP level 4. HP: 20/33 MP: 4/7
  1843 | D:2      | Noticed Jessica
  1850 | D:2      | Killed Jessica
  2684 | D:3      | Gained mutation: You have sharp fingernails. [demonic ancestry]
  2684 | D:3      | Reached XP level 5. HP: 36/38 MP: 8/8
  3310 | D:3      | Found a shadowy altar of Dithmenos.
  3891 | D:4      | Noticed a hungry ghost
  3962 | D:4      | Killed a hungry ghost
  3962 | D:4      | Gained mutation: You are slightly more attuned to the shadows. [demonic ancestry]
  3962 | D:4      | Reached XP level 6. HP: 19/46 MP: 7/10
  4150 | D:4      | Found a staircase to the Ecumenical Temple.
  4354 | Temple   | Entered the Ecumenical Temple
  4508 | Temple   | Became a worshipper of Warmaster Okawaru
  5199 | D:5      | Entered Level 5 of the Dungeon
  5207 | D:5      | Found an opulent altar of Gozag.
  5221 | D:5      | Gained mutation: You have very sharp fingernails. [demonic ancestry]
  5221 | D:5      | Reached XP level 7. HP: 5/52 MP: 1/11
  5225 | D:5      | HP: 1/52 [howler monkey (2)]
  5642 | D:5      | Reached skill level 1 in Invocations
  5814 | D:4      | Learned a level 3 spell: Spider Form
  5853 | D:5      | Reached skill level 5 in Unarmed Combat
  6152 | D:5      | Found a bloodstained altar of Trog.
  6523 | D:5      | Reached * piety under Okawaru
  6811 | D:5      | Identified a +2 pair of boots of running (You found it on level 5 of the Dungeon)
  6846 | D:6      | Reached skill level 5 in Transmutations
  6846 | D:6      | Gained mutation: You have claws for hands. [demonic ancestry]
  6846 | D:6      | Reached XP level 8. HP: 59/59 MP: 8/13
  7449 | D:6      | Gained mutation: Scrolls take you a little longer to read. [potion of mutation]
  7449 | D:6      | Gained mutation: Armour fits poorly on your strangely shaped body. [potion of mutation]
  7449 | D:6      | Gained mutation: You are weak. (Str -2) [potion of mutation]
  7449 | D:6      | Gained mutation: You are somewhat resistant to further mutation. [potion of mutation]
  8103 | D:6      | Mangled by an acid dragon

Vault maps used:
D:1:      ncdulo_watergridlock
D:2:      kennysheep_generic_room_16, uniq_jessica
D:3:      grunt_dithmenos_smoke
D:4:      minmay_temple_entry_large_hall, st_stairs_10
D:5:      bloody_trog, grunt_gozag_statues, serial_glass, glass_columns_c,
          glass_columns_a, due_unseen_surprise, feat_on_display,
          feat_on_display, first_ration
D:6:      grunt_temple_overflow_lords_of_destruction, marbit_many_paths,
          serial_shops, kennysheep_little_box
Temple:   eino_temple_rhombus

Skill      XL: |  1  2  3  4  5  6  7  8 |
---------------+-------------------------+-----
Transmutations | 2 3 4 5 6 |  6.0
Unarmed Combat | 3 4 5 6 |  6.4
Fighting       | 2 3 4 |  4.4
Spellcasting   | 3 4 |  4.4
Invocations    | 2 4 |  4.2
Dodging        | |  1.7

Action                   |  1- 3 |  4- 6 |  7- 9 || total
-------------------------+-------+-------+-------++-------
Melee: Unarmed           |    17 |       |   131 ||   148
       Headbutt          |     5 |     7 |     1 ||    13
       Dagger            |    58 |   193 |    79 ||   330
       Kick              |       |     2 |       ||     2
       Punch             |       |     3 |     6 ||     9
 Cast: Beastly Appendage |    12 |     8 |     1 ||    21
       Sticks to Snakes  |     1 |     4 |     1 ||     6
       Spider Form       |       |       |     4 ||     4
Invok: Heroism           |       |       |     7 ||     7
  Use: Scroll            |       |    11 |       ||    11
       Potion            |       |     2 |     3 ||     5
 Stab: Sleeping          |     1 |     3 |     1 ||     5
  Eat: Chunk             |     1 |    11 |     9 ||    21
       Ration            |       |     4 |       ||     4
Armor: Robe              |    10 |    15 |       ||    25
       Leather armour    |       |    26 |    29 ||    55
       Skin              |       |       |    44 ||    44
Dodge: Dodged            |    48 |   101 |   126 ||   275

Table legend:
 A = Spawn XP
 B = Non-spawn XP
 C = Spawn XP percentage of total XP
 D = Spawn monster count
 E = Non-spawn monster count
 F = Spawn count percentage of total count
 G = Total turns spent on level
                    A         B        C        D         E        F      G
               +---------+---------+-------+---------+---------+-------+---------
         Total |       0 |    2663 |   0.0 |       0 |     117 |   0.0 |  8103
               +---------+---------+-------+---------+---------+-------+---------
           D:1 |       0 |      24 |   0.0 |       0 |      12 |   0.0 |  1047
           D:2 |       0 |     170 |   0.0 |       0 |      27 |   0.0 |  1789
           D:3 |       0 |     137 |   0.0 |       0 |      20 |   0.0 |   981
           D:4 |       0 |     356 |   0.0 |       0 |       9 |   0.0 |  1681
           D:5 |       0 |     802 |   0.0 |       0 |      20 |   0.0 |  1852
           D:6 |       0 |    1174 |   0.0 |       0 |      29 |   0.0 |   582
               +---------+---------+-------+---------+---------+-------+---------
